 Dungeon Crawl Stone Soup version 0.29-a0-1023-g6ae1a4a2c7 (webtiles) character file.

Game seed: 6176666837765715925

77 BritishOli the Trooper (level 4, 37/37 HPs)
             Began as a Demonspawn Fighter on Aug 11, 2022.
             Got out of the dungeon alive.
             The game lasted 00:03:38 (2831 turns).

BritishOli the Trooper (Demonspawn Fighter)         Turns: 2831, Time: 00:03:38

Health: 37/37      AC:  6    Str: 19    XL:     4   Next: 13%
Magic:  13/13      EV:  9    Int:  9    God:
Gold:   30         SH:  5    Dex: 14    Spells: 3/3 levels left

rFire   . . .      SeeInvis .   o - +2 short sword (venom)
rCold   + . .      Faith    .   c - +0 buckler
rNeg    . . .      Spirit   .   b - +0 scale mail
rPois   .          Reflect  .   (no helmet)
rElec   .          Harm     .   (no cloak)
rCorr   .          Rampage  .   (no gloves)
Will    .....                   (no boots)
Stlth   +.........              (no amulet)
HPRegen 0.12/turn               f - ring of magical power
MPRegen 0.13/turn               h - ring of protection from cold

@: no status effects
A: thin skeletal structure 1, demonic magic 1
a: no special abilities


You escaped.
You visited 1 branch of the dungeon, and saw 3 of its levels.

You collected 30 gold pieces.

Inventory:

Hand Weapons
 a - a +0 long sword
 o - a +2 short sword of venom (weapon)
 p - the +0 mace "Gitzis" {flame, rElec Str-3 Int-2 Dex+9}
   (You found it on level 2 of the Dungeon)

   It burns those it strikes, dealing additional fire damage.
   Str:       It affects your strength (-3).
   Int:       It affects your intelligence (-2).
   Dex:       It affects your dexterity (+9).
   rElec:     It insulates you from electricity.
Armour
 b - a +0 scale mail (worn)
 c - a +0 buckler (worn)
Jewellery
 f - a ring of magical power (left hand)
 h - a ring of protection from cold (right hand)
Scrolls
 g - a scroll of vulnerability {unknown}
 i - 2 scrolls of enchant armour {unknown}
 j - 2 scrolls of magic mapping {unknown}
 k - 2 scrolls of identify {unknown}
 l - a scroll of noise {unknown}
 n - 2 scrolls of enchant weapon {unknown}
 q - a scroll of teleportation {unknown}
Potions
 d - a potion of might
 e - a potion of curing {unknown}
 m - a potion of invisibility {unknown}


   Skills:
 * Level 3.7 Fighting
 * Level 2.6 Long Blades
 + Level 3.1 Armour
 + Level 3.2 Shields


You had 3 spell levels left.
You didn't know any spells.
Your spell library contained the following spells:

 Spells                   Type           Power      Damage    Failure   Level
 Portal Projectile        Hex/Tloc       0%         N/A       99%         3
 Tukima's Dance           Hex            0%         N/A       99%         3
 Blade Hands              Tmut           0%         N/A       100%        5


Dungeon Overview and Level Annotations

Branches:
Dungeon (3/15)

Altars:
Okawaru

Shops:
D:2 *


Innate Abilities, Weirdness & Mutations

You have a somewhat thin skeletal structure. (Dex +2, Stealth+)
Spells you cast may paralyse adjacent enemies.


Message History

You open the door. You open the door. You open the door.
A rat comes into view.
There is an open door here.
A rat is nearby!
A rat is nearby!
You hit the rat.
The rat is poisoned.
The rat is moderately wounded.
The rat closely misses you.
You hit the rat.
You kill the rat!
No target in view!
No target in view!
(D) Dungeon
Where to? (Enter - D:3, ? - help)
You open the door.
There is an open door here.
You open the door.
There is an open door here.
You see here 4 stones.
There is a stone staircase leading up here.
You climb upwards.
There is a stone staircase leading down here.
(D) Dungeon
Where to? (Enter - D:2, ? - help)
You see here a +0 buckler.
There is a stone staircase leading up here.
You climb upwards.
There is a stone staircase leading down here.
(D) Dungeon
Where to? (Enter - D:1, ? - help)
Okay, then.
You enter the shallow water.
Moving in this stuff is going to be slow.
You enter the shallow water.
Moving in this stuff is going to be slow.
There is a staircase leading out of the dungeon here.
Are you sure you want to leave the Dungeon?
This will make you lose the game!
You have escaped!

##...#######.~~~~.###.#.#.~.#
.....##.........~...#.#.#.~.#
####.##########.~~~.#.#.#.~.#
#.##...........~...#.#.~.#
####.##.###.~~~~~.~~~.#...~.#
..##.##.#...~...~...~.#.~~~.#
..##.####.~~~.~.~~~.~.#.~...#
..##..#...~...~.....~...~.#.#####
#.###.#.~~~.~~~.@.~~~.~~~.#.>...#
#.# #.#.~...~.....~...~...#####.#
..# #...~.#.~.~~~.~.~~~.### #.#
### #.~~~.#.~...~...~...#.# #.# #
#.~...#.~~~.~~~~~.###.# #.#
#####.~.#.#...~...........# #.#
......~.#.#.#.~~~.######### #.#
######~.#.#.#...~.........# #.#
######~.#.#.###.~~~~.##########.#


There were no monsters in sight!

Vanquished Creatures
  3 adders (D:3)
  A worm (D:2)
  2 dart slugs (D:1)
  6 bats
  5 endoplasms
  A giant cockroach (D:3)
  2 goblins
  2 hobgoblins (D:1)
  6 quokkas
  A ball python (D:2)
  8 frilled lizards
  2 kobolds (D:1)
  7 rats
46 creatures vanquished.

Vanquished Creatures (others)
  A plant (D:2)
1 creature vanquished.

Grand Total: 47 creatures vanquished

Notes
Turn   | Place    | Note
-------+----------+-------------------------------------------
     0 | D:1      | BritishOli the Demonspawn Fighter began the quest for the
                  | Orb.
     0 | D:1      | Reached XP level 1. HP: 18/18 MP: 1/1
   330 | D:1      | Gained mutation: You have a somewhat thin skeletal
                  | structure. (Dex +2, Stealth+) [demonic ancestry]
   330 | D:1      | Reached XP level 2. HP: 24/24 MP: 2/2
   851 | D:1      | Found a faded altar of an unknown god.
  1561 | D:2      | Reached XP level 3. HP: 28/29 MP: 3/3
  1676 | D:2      | Found Cothoyngose's General Store.
  1810 | D:2      | Identified the +0 mace "Gitzis" {flame, rElec Str-3 Int-2
                  | Dex+9}
  1872 | D:2      | Identified the +6 long sword "Nota" {flame, *Slow rPois rF+
                  | Dex+9}
  2352 | D:3      | Found a faded altar of an unknown god.
  2356 | D:3      | Found an iron altar of Okawaru.
  2700 | D:3      | Gained mutation: Spells you cast may paralyse adjacent
                  | enemies. [demonic ancestry]
  2700 | D:3      | Reached XP level 4. HP: 34/37 MP: 4/4
  2831 | D:$      | Got out of the dungeon alive.

Illustrated notes

Levels and vault maps discovered:
D:1:      psy_arrival_radial02, layout_basic,
          hellmonk_ecumenical_altar_heavens_door
D:2:      layout_loops_corners, serial_shops, shop, serial_forest,
          infiniplex_forest_straight_2, infiniplex_forest_lined_ring,
          infiniplex_forest_end_2, infiniplex_forest_corner_2
D:3:      kennysheep_six_static_rooms, layout_basic,
          nicolae_overflow_ecumenical_swirl, ebering_ghost_inner_flame,
          kennysheep_another_room, uniq_ijyb

Skill      XL: |  1  2  3 |
---------------+----------+-----
Long Blades    | 2 |  2.6
Shields        | 3 |  3.2
Armour         | 3 |  3.1
Fighting       | |  3.7

Action                   |  1- 3 |  4- 6 || total
-------------------------+-------+-------++-------
Melee: Long sword        |    60 |       ||    60
       Short sword       |    75 |     4 ||    79
 Stab: Sleeping          |     2 |       ||     2
Armor: Scale mail        |    63 |     1 ||    64
Dodge: Dodged            |    52 |     1 ||    53
Block: Buckler           |    31 |       ||    31

Table legend: (Time is in decaauts)
 A = Elapsed time spent in this place.
 B = Non-inter-level travel time spent in this place.
 C = Inter-level travel time spent in this place.
 D = Time resting spent in this place.
 E = Time spent auto-exploring this place.
 F = Levels seen in this place.
 G = Mean time per level.
                   A        B        C        D        E       F      G
               +--------+--------+--------+--------+--------+-----+--------+
         Total |   2867 |   2762 |    105 |    428 |   1967 |   3 |  955.7 |
       Dungeon |   2867 |   2762 |    105 |    428 |   1967 |   3 |  955.7 |
               +--------+--------+--------+--------+--------+-----+--------+

Top non-repeatable levels by time:
     D:1: 1391 daAuts
     D:2: 978 daAuts
     D:3: 497 daAuts
